 Dungeon Crawl Stone Soup version 0.29-a0-271-gd4eb659eea (webtiles) character file.

Game seed: 4420835373761971099

2079 frimble the Magician (level 9, -8/60 HPs)
             Began as a Djinni Cinder Acolyte on Mar 9, 2022.
             Was a High Priest of Ignis.
             Shot with a sling bullet by Joseph (9 damage)
             ... on level 10 of the Dungeon.
             The game lasted 00:08:22 (9222 turns).

frimble the Magician (Djinni Cinder Acolyte)        Turns: 9222, Time: 00:08:22

Health: -8/60      AC:  4    Str: 13    XL:     9   Next: 51%
Gold:   435        EV: 11    Int: 21    God:    Ignis [*****.] SH:  0 Dex: 13

rFire   + + +      SeeInvis .   d - +9 mace of Dishonour {spect, rPois rN+ Dex+5}
rCold   x . .      Faith    .   (no shield)
rNeg    + . .      Spirit   .   c - +1 robe
rPois   ∞          Reflect  .   u - +0 helmet
rElec   .          Harm     .   (no cloak)
rCorr   .          Rampage  .   (no gloves)
Will    .....                   (boots unavailable)
Stlth   +.........              (no amulet)
HPRegen 0.20/turn               (no ring)
MPRegen 0.00/turn               (no ring)

@: about to teleport, flying
A: sickness immunity, fire resistance 2, cold vulnerability 1, float, innate
caster, HP casting, extra vitality 1
a: Renounce Religion, Fiery Armour, Foxfire Swarm, Rising Flame


You were on level 10 of the Dungeon.
You worshipped Ignis.
Ignis was extremely pleased with you.
You visited 1 branch of the dungeon, and saw 8 of its levels.

You collected 435 gold pieces.

Inventory:

Hand Weapons
 a - a +1 short sword of holy wrath
 b - a +2 short sword of venom
 d - the +9 mace of Dishonour (weapon) {spect, rPois rN+ Dex+5}
   (You found it on level 4 of the Dungeon)

   When its wielder attacks, the weapon's spirit leaps out and strikes again.
   The spirit shares a part of any damage it takes with its wielder.
   Dex:       It affects your dexterity (+5).
   rPois:     It protects you from poison.
   rN:        It protects you from negative energy.
Missiles
 p - 4 silver javelins (quivered)
Armour
 c - a +1 robe (worn)
 u - a +0 helmet (worn)
Jewellery
 t - a ring of wizardry
 w - a +6 ring of strength
Wands
 j - a wand of iceblast (7)
 s - a wand of acid (5)
Scrolls
 g - a scroll of teleportation
 i - a scroll of summoning {unknown}
 k - 3 scrolls of fog
 o - a scroll of silence
 x - a scroll of magic mapping
 y - a scroll of identify
Potions
 e - a potion of cancellation
 f - a potion of haste {unknown}
 h - 2 potions of lignification
 l - a potion of flight {unknown}
 m - 2 potions of magic {unknown}
 n - 2 potions of might
 q - a potion of heal wounds
 r - 3 potions of brilliance {unknown}
 v - 2 potions of curing
 z - a potion of mutation {unknown}


   Skills:
 - Level 3.0 Fighting
 - Level 3.3 Short Blades
 + Level 5.3 Maces & Flails
 - Level 3.0 Unarmed Combat
 + Level 6.6 Spellcasting
 + Level 4.1 Evocations


You had 10 spell levels left.
You knew the following spells:

 Your Spells              Type           Power      Damage    Failure   Level
a - Scorch                Fire           68%        2d8       1%          2
b - Pain                  Necr           100%       1d9       1%          1
c - Corpse Rot            Necr/Air       68%        N/A       1%          2
d - Summon Guardian Gole  Hex/Summ       34%        N/A       1%          3
e - Call Canine Familiar  Summ           34%        N/A       1%          3
Your spell library was empty.

Dungeon Overview and Level Annotations

Branches:
Dungeon (7/15)             Temple (0/1) D:5

Altars:
Fedhas
Gozag
Makhleb
Nemelex Xobeh
Trog
Xom
Yredelemnul
Zin

Annotations:
D:10 Joseph


Innate Abilities, Weirdness & Mutations

You are immune to sickness and miasma.
You are immune to poison.
Your flesh is very heat resistant. (rF++)
You are vulnerable to cold. (rC-)
You float through the air rather than walking.
You learn spells naturally, not from books.
Your magical power is your life essence.
You have superior vitality. (+4 MHP)


Message History

Found 4 silver javelins.
The troll shouts!
You see here 22 stones.
Found 21 gold pieces.
Casting: Summon Guardian Golem (safe; 1% risk of failure)
Confirm with . or Enter, or press ? or * to list all spells.
You miscast Summon Guardian Golem.
You are very lightly contaminated with residual magic.
Nothing appears to happen.
Joseph and a centaur come into view.
Joseph shouts!
The centaur shouts!
Joseph unwields a +0 quarterstaff.
Joseph wields a +0 hunting sling.
Joseph shoots a sling bullet.
The sling bullet hits you!
The centaur moves out of view.
Casting: Summon Guardian Golem (safe; 1% risk of failure)
Confirm with . or Enter, or press ? or * to list all spells.
A guardian golem appears, shielding your allies.
You swap places.
A yak comes into view.
Joseph shoots a sling bullet.
The sling bullet hits you!
As you read the scroll of teleportation, it crumbles to dust.
You feel strangely unstable.
The centaur wields a +2 vorpal shortbow.
The centaur shoots an arrow.
The arrow hits your guardian golem! The yak gores your guardian golem!
A yak comes into view.
The troll completely misses you. The troll claws you but does no damage.
The troll misses you. The troll attacks as you move away! The troll bites you!
The troll claws you.
* * * LOW HITPOINT WARNING * * *
The troll claws you!
* * * LOW HITPOINT WARNING * * *
The yak gores your guardian golem but does no damage.
Your magical contamination has completely faded away.
The troll attacks as you move away! The troll closely misses you.
The troll claws you.
* * * LOW HITPOINT WARNING * * *
The troll barely misses you.
Joseph shoots a sling bullet.
The sling bullet hits you!
You die...

..(.....## .....$...
.........##...........
..!$..#.?.............
......#....##.........
..........c##.........
..........Y9#.##......
#.##........@........
###.(...YT....#....
...#..........@.......
......Y.Y............#
.....................#
.....................#
......................
......................
.?....................
......................
...............


You could see Joseph, 3 yaks, a troll, a centaur and a friendly guardian golem
(summoned).

Vanquished Creatures
  A steam dragon (D:6)
  Menkaure (D:6)
  A sky beast (D:6)
  3 ogres
  3 phantoms
  A necrophage (D:6)
  A bullfrog (D:5)
  A kobold brigand (D:4)
  4 wights (D:6)
  A howler monkey (D:5)
  A bullfrog zombie (D:4)
  A gnoll shaman (D:5)
  2 orc priests
  4 hounds
  2 scorpion zombies (D:4)
  4 iguanas
  4 orc wizards
  A hound skeleton (D:4)
  15 gnolls
  6 adders
  An adder zombie (D:4)
  A worm (D:3)
  2 dart slugs
  10 orcs
  8 endoplasms
  3 giant cockroaches
  8 goblins
  6 hobgoblins
  4 jackals (D:4)
  12 kobolds
  2 quokkas (D:4)
  4 ball pythons
  5 bats
  6 frilled lizards
  2 rats (D:1)
131 creatures vanquished.

Vanquished Creatures (others)
  Ijyb (D:3)
  2 adders (D:3)
  A worm (D:3)
  An orc (D:3)
  2 goblins (D:3)
  A kobold (D:3)
  A quokka (D:3)
  A frilled lizard (D:3)
  2 plants (D:1)
  7 withered plants (D:4)
19 creatures vanquished.

Grand Total: 150 creatures vanquished

Notes
Turn   | Place    | Note
-------+----------+-------------------------------------------
     0 | D:1      | frimble the Djinni Cinder Acolyte began the quest for the
                  | Orb.
     0 | D:1      | Reached XP level 1. HP: 20/20 MP: 0/0
     1 | D:1      | Noticed an electric eel
   343 | D:1      | Reached XP level 2. HP: 18/25 MP: 0/0
   846 | D:1      | Found a faded altar of an unknown god.
   870 | D:1      | Reached skill level 3 in Spellcasting
  1345 | D:2      | Reached XP level 3. HP: 28/30 MP: 0/0
  1345 | D:2      | Learned a level 1 spell: Pain
  1649 | D:2      | Reached skill level 1 in Short Blades
  3251 | D:2      | Reached XP level 4. HP: 4/35 MP: 0/0
  3633 | D:3      | Reached XP level 5. HP: 35/40 MP: 0/0
  3633 | D:3      | Learned a level 2 spell: Corpse Rot
  3724 | D:3      | Found a shimmering altar of Xom.
  4180 | D:3      | Noticed Ijyb
  4287 | D:4      | Reached XP level 6. HP: 2/46 MP: 0/0
  4591 | D:4      | Reached skill level 4 in Spellcasting
  5017 | D:4      | Identified the +9 mace of Dishonour {spect, rPois rN+
                  | Dex+5}
  5386 | D:4      | Noticed an ogre
  5389 | D:4      | Killed an ogre
  5390 | D:4      | Reached skill level 1 in Maces & Flails
  5390 | D:4      | Reached XP level 7. HP: 50/50 MP: 0/0
  5390 | D:4      | Learned a level 3 spell: Summon Guardian Golem
  5745 | D:3      | Reached skill level 5 in Spellcasting
  6035 | D:3      | Found a basalt altar of Yredelemnul.
  6240 | D:3      | Killed Ijyb
  6477 | D:3      | Found a bloodstained altar of Trog.
  6477 | D:3      | Found a glowing silver altar of Zin.
  6761 | D:3      | Found a faded altar of an unknown god.
  6763 | D:3      | Found an opulent altar of Gozag.
  6765 | D:3      | Found a faded altar of an unknown god.
  6870 | D:3      | Reached XP level 8. HP: 55/56 MP: 0/0
  6889 | D:3      | Found a sparkling altar of Nemelex Xobeh.
  6889 | D:3      | Found a burning altar of Makhleb.
  6962 | D:5      | Entered Level 5 of the Dungeon
  7043 | D:5      | Found a staircase to the Ecumenical Temple.
  7083 | D:5      | Identified the +3 hand axe "Newtbane" {holy, +Blink Int+2
                  | Stlth+}
  7153 | D:5      | Found a blossoming altar of Fedhas.
  7374 | D:5      | Reached skill level 1 in Evocations
  8186 | D:6      | Reached skill level 6 in Spellcasting
  8237 | D:6      | Reached XP level 9. HP: 27/60 MP: 0/0
  8237 | D:6      | Learned a level 3 spell: Call Canine Familiar
  8408 | D:6      | Noticed Menkaure
  8414 | D:6      | Killed Menkaure
  8496 | D:6      | Reached skill level 5 in Maces & Flails
  9208 | D:7      | You are sucked into a shaft and drop 3 floors!
  9208 | D:10     | Entered Level 10 of the Dungeon
  9209 | D:10     | Noticed a troll
  9215 | D:10     | Noticed Joseph
  9222 | D:10     | HP: 1/60 [troll (3)]
  9222 | D:10     | Shot with a sling bullet by Joseph

Illustrated notes

Levels and vault maps discovered:
D:1:      arrival_aquarium_a, layout_basic, serial_forest,
          infiniplex_forest_clump_large, infiniplex_forest_straight_4,
          infiniplex_forest_straight_1, infiniplex_forest_clump_diagonal,
          infiniplex_forest_lined_4_way, infiniplex_forest_lined_room_3,
          infiniplex_forest_straight_2, infiniplex_forest_end_2,
          hellmonk_ecumenical_altar_inner_sanctum
D:2:      layout_loops_corners
D:3:      minmay_spotlight, layout_loops_ring, xom_confusion_cloud,
          amethyst_overflow_temple_binary, chequers_temple_overflow_minitemple,
          yredelemnul_altar_generic, uniq_ijyb
D:4:      layout_rooms, serial_undead, serial_undead_f, serial_undead_b,
          serial_undead_b, serial_undead_a, serial_undead_d,
          kennysheep_generic_room_14
D:5:      layout_loops_ring, mainiacjoe_overflow_alcove_1,
          minmay_temple_entry_grid
D:6:      layout_basic, uniq_menkaure
D:7:      layout_gridville
D:10:     layout_cave_pools, nicolae_vehumet_altar_sigil, special_room
          [special_room_orc], uniq_joseph

Skill      XL: |  1  2  3  4  5  6  7  8  9 |
---------------+----------------------------+-----
Spellcasting   | 3 4 5 6 |  6.6
Short Blades   | 1 2 3 |  3.3
Maces & Flails | 1 2 4 5 |  5.3
Evocations     | 2 4 |  4.1
Fighting       | |  3.0
Unarmed Combat | |  3.0

Action                   |  1- 3 |  4- 6 |  7- 9 || total
-------------------------+-------+-------+-------++-------
Melee: Unarmed           |    31 |       |       ||    31
       Punch             |     4 |     2 |     1 ||     7
       Short sword       |    75 |    90 |       ||   165
       Mace              |       |    20 |   126 ||   146
Throw: Javelin           |       |     1 |     1 ||     2
 Cast: Scorch            |    11 |     9 |       ||    20
       Summon Guardian G |       |       |     7 ||     7
  Use: Potion            |       |     5 |       ||     5
       Scroll            |       |       |     8 ||     8
Armor: Robe              |    26 |    10 |    22 ||    58
       Skin              |       |     5 |     3 ||     8
Dodge: Dodged            |    63 |    59 |    62 ||   184

Table legend: (Time is in decaauts)
 A = Elapsed time spent in this place.
 B = Non-inter-level travel time spent in this place.
 C = Inter-level travel time spent in this place.
 D = Time resting spent in this place.
 E = Time spent auto-exploring this place.
 F = Levels seen in this place.
 G = Mean time per level.
                   A        B        C        D        E       F      G
               +--------+--------+--------+--------+--------+-----+--------+
         Total |   9258 |   8999 |    259 |    378 |   7466 |   8 | 1157.2 |
       Dungeon |   9258 |   8999 |    259 |    378 |   7466 |   8 | 1157.2 |
               +--------+--------+--------+--------+--------+-----+--------+

Top non-repeatable levels by time:
     D:3: 2171 daAuts
     D:2: 2047 daAuts
     D:4: 1462 daAuts
     D:1: 1305 daAuts
     D:6: 1185 daAuts
     D:5: 915 daAuts
     D:7: 157 daAuts
    D:10: 13 daAuts
